APP
WASHINGTON (APP) NATIONALS @ MIAMI (APP) MARLINS
10/04/2044
 
TOP OF THE 1ST
Washington (APP) Nationals batting - Pitching for Miami (APP) Marlins : LHP Mike Wasson
Pitching: LHP Mike Wasson
Batting: RHB Justin Van Houten 0-0: Called Strike
0-1: Foul Ball, location: 2F
0-2: Ball
1-2: Ball
2-2: Ball
3-2: Foul Ball, location: 2F
3-2: Strikes out swinging
Batting: RHB Gregg Huddleston 0-0: Foul Ball, location: 2F
0-1: Foul Ball, location: 2F
0-2: Ball
1-2: SINGLE (Line Drive, 9S, EV 96.9 MPH)
Batting: RHB Jon Buscher 0-0: Called Strike
0-1: Foul Ball, location: 2F
0-2: Reached on error, E4 (Groundball, 34, EV 81.9 MPH)
Gregg Huddleston to second
Batting: RHB Steve Bauman 0-0: Hit by Pitch
Gregg Huddleston to third
Jon Buscher to second
Batting: RHB Kevin Whitenack 0-0: Ball
1-0: Ball
Wild Pitch!
Gregg Huddleston scores
Jon Buscher to third
Steve Bauman to second
2-0: Ball
3-0: Base on Balls
Batting: RHB John Savard 0-0: Reached on error, E6 (Groundball, 6M, EV 105.0 MPH)
Jon Buscher scores
Steve Bauman to third
Kevin Whitenack to second
Batting: RHB Naofumi Ishida 0-0: Ball
1-0: Ball
2-0: SINGLE (Groundball, 6MD, EV 104.4 MPH)
Steve Bauman scores
Kevin Whitenack to third
John Savard to second
Throwing error, E8
Kevin Whitenack scores
John Savard to third
Naofumi Ishida to second
Batting: RHB Derek Moran 0-0: Ball
1-0: Swinging Strike
1-1: Ball
2-1: Foul Ball, location: 2F
2-2: Foul Ball, location: 2F
2-2: Ball
3-2: Strikes out swinging
Batting: RHB Alex Blanco 0-0: Swinging Strike
0-1: Ball
1-1: Foul Ball, location: 2F
1-2: Strikes out swinging, 2-3 out at first.
Top of the 1st over - 4 runs, 2 hits, 3 errors, 2 left on base; Washington (APP) 4 - Miami (APP) 0
BOTTOM OF THE 1ST
Miami (APP) Marlins batting - Pitching for Washington (APP) Nationals : LHP Sean Carr
Pitching: LHP Sean Carr
Batting: RHB Adrian Bocker 0-0: Ball
1-0: Ball
2-0: Swinging Strike
2-1: Ball
3-1: Fly out, F5 (Popup, 5SF, EV 86.2 MPH)
Batting: RHB Keith Bennett 0-0: Called Strike
0-1: Called Strike
0-2: Strikes out swinging
Batting: RHB Mario Cota 0-0: Ground out 6-3 (Groundball, 56, EV 77.5 MPH)
Bottom of the 1st over - 0 runs, 0 hits, 0 errors, 0 left on base; Washington (APP) 4 - Miami (APP) 0
TOP OF THE 2ND
Washington (APP) Nationals batting - Pitching for Miami (APP) Marlins : LHP Mike Wasson
Batting: RHB Justin Van Houten 0-0: Ball
1-0: Called Strike
1-1: Called Strike
1-2: Ball
2-2: Strikes out swinging
Batting: RHB Gregg Huddleston 0-0: Ball
1-0: Called Strike
1-1: Ball
2-1: Foul Ball, location: 2F
2-2: SINGLE (Groundball, 4MD, EV 96.9 MPH)
Batting: RHB Jon Buscher 0-0: Ball
1-0: Called Strike
1-1: Ball
2-1: Swinging Strike
2-2: Foul Ball, location: 2F
2-2: Strikes out looking
Batting: RHB Steve Bauman 0-0: Ball
1-0: Swinging Strike
1-1: Fly out, F8 (Flyball, 8LXD, EV 93.8 MPH)
Top of the 2nd over - 0 runs, 1 hit, 0 errors, 1 left on base; Washington (APP) 4 - Miami (APP) 0
BOTTOM OF THE 2ND
Miami (APP) Marlins batting - Pitching for Washington (APP) Nationals : LHP Sean Carr
Batting: SHB Matt Moore 0-0: Called Strike
0-1: SINGLE (Groundball, 6D, EV 96.9 MPH)
Batting: RHB Jason Thrash 0-0: Ball
1-0: Ball
2-0: Ball
3-0: Called Strike
3-1: Base on Balls
Matt Moore to second
Batting: RHB Rick Knoblauch 0-0: Swinging Strike
0-1: Ball
1-1: Foul Ball, location: 2F
1-2: Ball
2-2: Strikes out swinging
Batting: LHB Gavrilo Brkic 0-0: Fielders Choice at 2nd, 5-4 (Groundball, 56S, EV 87.5 MPH)
Matt Moore to third
Batting: LHB Melvin Castro 0-0: Called Strike
0-1: Swinging Strike
0-2: Ball
1-2: Strikes out swinging
Bottom of the 2nd over - 0 runs, 1 hit, 0 errors, 2 left on base; Washington (APP) 4 - Miami (APP) 0
TOP OF THE 3RD
Washington (APP) Nationals batting - Pitching for Miami (APP) Marlins : LHP Mike Wasson
Batting: RHB Kevin Whitenack 0-0: Ball
1-0: Ball
2-0: Foul Ball, location: 2F
2-1: Foul Ball, location: 2F
2-2: Foul Ball, location: 2F
2-2: Foul Ball, location: 2F
2-2: Foul Ball, location: 2F
2-2: Foul Ball, location: 2F
2-2: Foul Ball, location: 2F
2-2: Foul Ball, location: 2F
2-2: Ball
3-2: Foul Ball, location: 2F
3-2: Foul Ball, location: 2F
3-2: TRIPLE (Flyball, 8LXD, EV 86.9 MPH)
Batting: RHB John Savard 0-0: Ball
1-0: SINGLE (Groundball, P, EV 80.6 MPH) (infield hit)
Kevin Whitenack scores
Batting: RHB Naofumi Ishida 0-0: Ball
1-0: Called Strike
1-1: Called Strike
1-2: SINGLE (Line Drive, 89S, EV 91.9 MPH)
John Savard to second
Runner from 2nd tries for 3rd, SAFE, throw by CF made to third
Batting: RHB Derek Moran 0-0: Ball
1-0: Called Strike
Passed Ball!
John Savard scores
Naofumi Ishida to second
1-1: Called Strike
1-2: Ball
2-2: Ball
3-2: Strikes out swinging
Batting: RHB Alex Blanco 0-0: Ball
1-0: Reached on error, E4 (Groundball, 4D, EV 106.2 MPH)
Naofumi Ishida to third
Batting: RHB Justin Van Houten 0-0: Called Strike
0-1: Ball
1-1: Fly out, F9 (Line Drive, 9, EV 90.0 MPH)
Runner from 3rd tags up, SCORES, throw by RF
Batting: RHB Gregg Huddleston 0-0: Ball
1-0: Ball
2-0: Ball
3-0: Called Strike
3-1: Called Strike
3-2: SINGLE (Flyball, 4MD, EV 91.9 MPH)
Alex Blanco to second
Alex Blanco to third
Batting: RHB Jon Buscher 0-0: Ball
1-0: Called Strike
1-1: Ball
2-1: DOUBLE (Flyball, 89D, EV 105.0 MPH)
Alex Blanco scores
Gregg Huddleston to third
Pitching: RHP Matt Alexander
Batting: RHB Steve Bauman 0-0: Foul Ball, location: 2F
0-1: Ball
1-1: Ball
2-1: DOUBLE (Line Drive, 78D, EV 106.2 MPH)
Gregg Huddleston scores
Jon Buscher scores
Batting: RHB Kevin Whitenack 0-0: Foul Ball, location: 2F
0-1: Foul Ball, location: 2F
0-2: Ball
1-2: Ball
Wild Pitch!
Steve Bauman to third
2-2: Foul Ball, location: 2F
2-2: Ball
3-2: Base on Balls
Batting: RHB John Savard 0-0: Swinging Strike
0-1: Ball
1-1: Swinging Strike
1-2: Fly out, F6 (Flyball, 56D, EV 86.2 MPH)
Top of the 3rd over - 6 runs, 6 hits, 1 error, 2 left on base; Washington (APP) 10 - Miami (APP) 0
BOTTOM OF THE 3RD
Miami (APP) Marlins batting - Pitching for Washington (APP) Nationals : LHP Sean Carr
Batting: LHB Bryan Wedge 0-0: Ball
1-0: Foul Ball, location: 2F
1-1: Swinging Strike
1-2: Foul Ball, location: 2F
1-2: Strikes out swinging
Batting: RHB Adrian Bocker 0-0: Ground out 6-3 (Groundball, 6, EV 88.8 MPH)
Batting: RHB Keith Bennett 0-0: Ball
1-0: Foul Ball, location: 2F
1-1: Ball
2-1: DOUBLE (Line Drive, 89D, EV 106.2 MPH)
Batting: RHB Mario Cota 0-0: Ball
1-0: Ball
2-0: 2-RUN HOME RUN (Line Drive, 89XD, EV 102.5 MPH), Distance : 432 ft
Batting: SHB Matt Moore 0-0: Ground out 6-3 (Groundball, 6, EV 84.4 MPH)
Bottom of the 3rd over - 2 runs, 2 hits, 0 errors, 0 left on base; Washington (APP) 10 - Miami (APP) 2
TOP OF THE 4TH
Washington (APP) Nationals batting - Pitching for Miami (APP) Marlins : RHP Matt Alexander
Batting: RHB Naofumi Ishida 0-0: Ball
1-0: Called Strike
1-1: Foul Ball, location: 2F
1-2: Ball
2-2: Strikes out swinging
Pitching: LHP Tyler Murders
Batting: RHB Derek Moran 0-0: Called Strike
0-1: Ball
1-1: Called Strike
1-2: Strikes out swinging
Batting: RHB Alex Blanco 0-0: Foul Ball, location: 2F
0-1: SINGLE (Line Drive, 8LS, EV 108.1 MPH)
Batting: RHB Justin Van Houten 0-0: Foul Ball, location: 2F
0-1: Foul Ball, location: 2F
0-2: Foul Ball, location: 2F
0-2: Strikes out looking
Top of the 4th over - 0 runs, 1 hit, 0 errors, 1 left on base; Washington (APP) 10 - Miami (APP) 2
BOTTOM OF THE 4TH
Miami (APP) Marlins batting - Pitching for Washington (APP) Nationals : LHP Sean Carr
Batting: RHB Jason Thrash 0-0: DOUBLE (Flyball, 89D, EV 101.2 MPH)
Batting: RHB Rick Knoblauch 0-0: Ball
1-0: Ball
2-0: Ball
Passed Ball!
Jason Thrash to third
3-0: Called Strike
3-1: Foul Ball, location: 2F
3-2: DOUBLE (Line Drive, 89D, EV 103.1 MPH)
Jason Thrash scores
Batting: LHB Gavrilo Brkic 0-0: Ball
1-0: Ball
2-0: Ground out 5-3 (Groundball, 56S, EV 84.4 MPH)
Batting: LHB Melvin Castro 0-0: SINGLE (Line Drive, 7S, EV 105.0 MPH)
Rick Knoblauch to third
Batting: LHB Bryan Wedge 0-0: Bunt missed!
0-1: Ball
1-1: Ball
2-1: Bunted foul
2-2: Bunted foul, Strikeout!
Batting: RHB Adrian Bocker 0-0: Swinging Strike
0-1: Foul Ball, location: 2F
0-2: Foul Ball, location: 2F
0-2: Ball
1-2: Foul Ball, location: 2F
1-2: Foul Ball, location: 2F
1-2: Ground out U3 (Groundball, 34, EV 82.5 MPH)
Bottom of the 4th over - 1 run, 3 hits, 0 errors, 2 left on base; Washington (APP) 10 - Miami (APP) 3
TOP OF THE 5TH
Washington (APP) Nationals batting - Pitching for Miami (APP) Marlins : LHP Tyler Murders
Batting: RHB Gregg Huddleston 0-0: Ball
1-0: Ball
2-0: Ball
3-0: Called Strike
3-1: Foul Ball, location: 2F
3-2: Foul Ball, location: 2F
3-2: Base on Balls
Batting: RHB Jon Buscher 0-0: Foul Ball, location: 2F
0-1: Ball
1-1: Ball
2-1: Called Strike
2-2: DOUBLE (Groundball, 5L, EV 108.1 MPH)
Gregg Huddleston to third
Batting: RHB Steve Bauman 0-0: Ball
1-0: Ball
2-0: Foul Ball, location: 2F
2-1: Ball
3-1: Foul Ball, location: 2F
3-2: Base on Balls
Batting: RHB Kevin Whitenack 0-0: Swinging Strike
0-1: Called Strike
0-2: Strikes out looking
Batting: RHB John Savard 0-0: Called Strike
0-1: SINGLE (Line Drive, 6M, EV 96.2 MPH)
Gregg Huddleston scores
Jon Buscher to third
Steve Bauman to second
Batting: RHB Naofumi Ishida 0-0: Ball
1-0: Ball
2-0: Ball
3-0: Called Strike
3-1: Base on Balls
Jon Buscher scores
Steve Bauman to third
John Savard to second
Batting: RHB Derek Moran 0-0: Ball
Wild Pitch!
Steve Bauman scores
John Savard to third
Naofumi Ishida to second
1-0: TRIPLE (Line Drive, 78XD, EV 112.5 MPH)
John Savard scores
Naofumi Ishida scores
Pitching: RHP Adam Brown
Batting: RHB Alex Blanco 0-0: Ball
Wild Pitch!
Derek Moran scores
1-0: Ball
2-0: Ball
3-0: Base on Balls
Batting: RHB Justin Van Houten 0-0: Called Strike
0-1: Ball
1-1: Swinging Strike
1-2: Ball
2-2: SINGLE (Flyball, 3D, EV 94.4 MPH)
Alex Blanco to second
Batting: RHB Gregg Huddleston 0-0: Ball
1-0: Called Strike
1-1: Ball
2-1: Ball
3-1: Foul Ball, location: 2F
3-2: Foul Ball, location: 2F
3-2: Base on Balls
Alex Blanco to third
Justin Van Houten to second
Batting: RHB Jon Buscher 0-0: Ball
1-0: Swinging Strike
1-1: Swinging Strike
1-2: Ball
2-2: Strikes out swinging
Pitching: RHP Jeremy Akande
Batting: RHB Steve Bauman 0-0: Ball
1-0: Foul Ball, location: 2F
1-1: Swinging Strike
1-2: Ball
2-2: Foul Ball, location: 2F
2-2: Ball
3-2: Strikes out swinging
Top of the 5th over - 6 runs, 4 hits, 0 errors, 3 left on base; Washington (APP) 16 - Miami (APP) 3
BOTTOM OF THE 5TH
Miami (APP) Marlins batting - Pitching for Washington (APP) Nationals : LHP Sean Carr
Batting: RHB Keith Bennett 0-0: Ball
1-0: Ground out 5-3 (Groundball, 5S, EV 70.6 MPH)
Batting: RHB Mario Cota 0-0: Ground out 5-3 (Groundball, 5, EV 106.2 MPH)
Batting: SHB Matt Moore 0-0: Called Strike
0-1: Ball
1-1: Ball
2-1: Called Strike
2-2: Fly out, F8 (Line Drive, 8RD, EV 93.1 MPH)
Bottom of the 5th over - 0 runs, 0 hits, 0 errors, 0 left on base; Washington (APP) 16 - Miami (APP) 3
TOP OF THE 6TH
Washington (APP) Nationals batting - Pitching for Miami (APP) Marlins : RHP Jeremy Akande
Batting: RHB Kevin Whitenack 0-0: Ball
1-0: Ball
2-0: Called Strike
2-1: Ball
3-1: Called Strike
3-2: Base on Balls
Batting: RHB John Savard 0-0: Ball
1-0: DOUBLE (Line Drive, 78D, EV 107.5 MPH)
Kevin Whitenack to third
Batting: RHB Naofumi Ishida 0-0: Fly out, F7 (Flyball, 7D, EV 93.8 MPH)
Runner from 3rd tags up, SCORES, no throw by LF
Batting: RHB Derek Moran 0-0: Ball
1-0: Called Strike
1-1: Called Strike
1-2: Ball
2-2: Strikes out swinging
Batting: RHB Alex Blanco 0-0: Ball
1-0: Called Strike
1-1: Ball
2-1: Ball
3-1: Base on Balls
Batting: RHB Justin Van Houten 0-0: Foul Ball, location: 2F
0-1: SINGLE (Groundball, 56, EV 105.6 MPH)
John Savard to third
Alex Blanco to second
Runner from 3rd tries for Home, SAFE, throw by LF to home
Batting: RHB Gregg Huddleston 0-0: Called Strike
0-1: Foul Ball, location: 2F
0-2: SINGLE (Line Drive, 78S, EV 103.1 MPH)
Alex Blanco to third
Justin Van Houten to second
Batting: RHB Jon Buscher 0-0: Called Strike
0-1: Foul Ball, location: 2F
0-2: Ball
1-2: DOUBLE (Flyball, 9LD, EV 104.4 MPH)
Alex Blanco scores
Justin Van Houten scores
Gregg Huddleston to third
Runner from 3rd tries for Home, SAFE, throw by RF to trailing runner, SAFE at third!
Batting: RHB Steve Bauman 0-0: Foul Ball, location: 2F
0-1: Ball
1-1: Foul Ball, location: 2F
1-2: Ground out U3 (Groundball, 3S, EV 71.9 MPH)
Top of the 6th over - 5 runs, 4 hits, 0 errors, 1 left on base; Washington (APP) 21 - Miami (APP) 3
BOTTOM OF THE 6TH
Miami (APP) Marlins batting - Pitching for Washington (APP) Nationals : LHP Sean Carr
Pitching: RHP Chris Lawrence
Batting: RHB Jason Thrash 0-0: Ball
1-0: Ball
2-0: Called Strike
2-1: Foul Ball, location: 2F
2-2: Ball
3-2: Ground out 3-1 (Groundball, 34S, EV 85.0 MPH)
Batting: RHB Rick Knoblauch 0-0: Fly out, F6 (Popup, 6M, EV 57.5 MPH)
Batting: LHB Gavrilo Brkic 0-0: Foul Ball, location: 2F
0-1: Ball
1-1: Called Strike
1-2: Ground out 4-3 (Groundball, 4MS, EV 71.2 MPH)
Bottom of the 6th over - 0 runs, 0 hits, 0 errors, 0 left on base; Washington (APP) 21 - Miami (APP) 3
TOP OF THE 7TH
Washington (APP) Nationals batting - Pitching for Miami (APP) Marlins : RHP Jeremy Akande
Pinch Hitting: RHB Jesus Malave 0-0: Ball
1-0: Foul Ball, location: 2F
1-1: Called Strike
1-2: Foul Ball, location: 2F
1-2: Ball
2-2: Strikes out looking
Batting: RHB John Savard 0-0: Ball
1-0: Ball
2-0: Ball
3-0: Base on Balls
Batting: RHB Naofumi Ishida 0-0: Foul Ball, location: 2F
0-1: Called Strike
0-2: SINGLE (Line Drive, 8LS, EV 98.8 MPH)
John Savard to second
Batting: RHB Derek Moran 0-0: Fielders Choice at 2nd, 5-4 (Groundball, 5D, EV 100.6 MPH)
John Savard to third
Batting: RHB Alex Blanco 0-0: Called Strike
0-1: Foul Ball, location: 2F
0-2: Foul Ball, location: 2F
0-2: Ball
1-2: Ball
2-2: Strikes out swinging
Top of the 7th over - 0 runs, 1 hit, 0 errors, 2 left on base; Washington (APP) 21 - Miami (APP) 3
BOTTOM OF THE 7TH
Miami (APP) Marlins batting - Pitching for Washington (APP) Nationals : RHP Chris Lawrence
Now in RF: Jesus Malave
Batting: LHB Melvin Castro 0-0: Called Strike
0-1: Called Strike
0-2: Ball
1-2: Strikes out swinging
Batting: LHB Bryan Wedge 0-0: Called Strike
0-1: Ball
1-1: Swinging Strike
1-2: Strikes out swinging
Batting: RHB Adrian Bocker 0-0: Called Strike
0-1: Foul Ball, location: 2F
0-2: Strikes out swinging
Bottom of the 7th over - 0 runs, 0 hits, 0 errors, 0 left on base; Washington (APP) 21 - Miami (APP) 3
TOP OF THE 8TH
Washington (APP) Nationals batting - Pitching for Miami (APP) Marlins : RHP Jeremy Akande
Batting: RHB Justin Van Houten 0-0: Ball
1-0: Called Strike
1-1: Foul Ball, location: 2F
1-2: Ball
2-2: Strikes out swinging
Batting: RHB Gregg Huddleston 0-0: Ball
1-0: Called Strike
1-1: Foul Ball, location: 2F
1-2: Ball
2-2: Ground out U3 (Groundball, 3L, EV 94.4 MPH)
Batting: RHB Jon Buscher 0-0: Ball
1-0: Ball
2-0: Ball
3-0: Base on Balls
Batting: RHB Steve Bauman 0-0: Called Strike
0-1: Ball
1-1: 2-RUN HOME RUN (Line Drive, 7LD, EV 96.9 MPH), Distance : 349 ft
Batting: RHB Jesus Malave 0-0: Ball
1-0: Fly out, F6 (Popup, 6MD, EV 56.2 MPH)
Top of the 8th over - 2 runs, 1 hit, 0 errors, 0 left on base; Washington (APP) 23 - Miami (APP) 3
BOTTOM OF THE 8TH
Miami (APP) Marlins batting - Pitching for Washington (APP) Nationals : RHP Chris Lawrence
Batting: RHB Keith Bennett 0-0: Ground out 5-3 (Groundball, 5, EV 103.1 MPH)
Batting: RHB Mario Cota 0-0: Called Strike
0-1: SINGLE (Groundball, 6MD, EV 98.1 MPH)
Batting: SHB Matt Moore 0-0: Swinging Strike
0-1: Foul Ball, location: 2F
0-2: Foul Ball, location: 2F
0-2: Strikes out swinging
Batting: RHB Jason Thrash 0-0: Ball
1-0: SINGLE (Flyball, 89S, EV 90.6 MPH)
Mario Cota to second
Batting: RHB Rick Knoblauch 0-0: Called Strike
0-1: Foul Ball, location: 2F
0-2: Strikes out swinging
Bottom of the 8th over - 0 runs, 2 hits, 0 errors, 2 left on base; Washington (APP) 23 - Miami (APP) 3
TOP OF THE 9TH
Washington (APP) Nationals batting - Pitching for Miami (APP) Marlins : RHP Jeremy Akande
Batting: RHB John Savard 0-0: Ball
1-0: Ground out 5-3 (Groundball, 56, EV 83.1 MPH)
Batting: RHB Naofumi Ishida 0-0: Swinging Strike
0-1: SINGLE (Line Drive, 8LM, EV 89.4 MPH)
Batting: RHB Derek Moran 0-0: Ball
1-0: Called Strike
1-1: Ball
2-1: Ball
Wild Pitch!
Naofumi Ishida to second
3-1: Base on Balls
Batting: RHB Alex Blanco 0-0: Called Strike
0-1: Ball
1-1: Ball
2-1: Foul Ball, location: 2F
2-2: Foul Ball, location: 2F
2-2: Foul Ball, location: 2F
2-2: Ball
3-2: Foul Ball, location: 2F
3-2: Strikes out swinging
Naofumi Ishida steals 3rd base
Batter strikes out.
Derek Moran to second
Batting: RHB Justin Van Houten 0-0: Swinging Strike
0-1: Ball
1-1: Ball
2-1: Called Strike
2-2: Strikes out swinging
Top of the 9th over - 0 runs, 1 hit, 0 errors, 2 left on base; Washington (APP) 23 - Miami (APP) 3
BOTTOM OF THE 9TH
Miami (APP) Marlins batting - Pitching for Washington (APP) Nationals : RHP Chris Lawrence
Pitching: RHP Ivano Galikov
Batting: LHB Gavrilo Brkic 0-0: Ground out 6-3 (Groundball, 6MD, EV 87.5 MPH)
Batting: LHB Melvin Castro 0-0: Ball
1-0: Called Strike
1-1: Ball
2-1: Foul Ball, location: 2F
2-2: Strikes out looking
Batting: LHB Bryan Wedge 0-0: Ball
1-0: Called Strike
1-1: Swinging Strike
1-2: Foul Ball, location: 2F
1-2: Strikes out looking
Bottom of the 9th over - 0 runs, 0 hits, 0 errors, 0 left on base; Washington (APP) 23 - Miami (APP) 3
Thursday, March 31st , 2022 - OOTP Baseball 22.12 Build 89